 Dungeon Sprint DCSS version 0.18-a0-1551-g40744a8 (webtiles) character file.

3068 pipel the Thaumaturge (level 9, -12/49 HPs)
             Began as a Deep Elf Fire Elementalist on Mar 11, 2016.
             Was the Champion of Vehumet.
             Hit by a large rock thrown by a cyclops (31 damage)
             ... in the Dungeon (Sprint VII: "The Pits").
             The game lasted 00:13:58 (1051 turns).

pipel the Thaumaturge (Deep Elf Fire Elementalist)  Turns: 1051, Time: 00:13:58

Health: -12/49     AC:  6    Str:  5    XL:     9   Next: 58%
Magic:  1/29       EV: 16    Int: 24    God:    Vehumet [******]
Gold:   0          SH:  0    Dex: 15    Spells: 9 memorised, 6 levels left

rFire  . . .     SeeInvis .     a - +3 trident (pierce)
rCold  . . .     Gourm    .     j - +0 robe
rNeg   . . .     Faith    .     (no shield)
rPois  .         Spirit   .     (no helmet)
rElec  .         Dismiss  .     z - +0 cloak
rCorr  .         Reflect  .     (no gloves)
SustAt .         Harm     .     (no boots)
MR     .....     NoTele   +     (no amulet)
Stlth  ++........               y - +3 ring of protection
                                x - +3 ring of evasion

@: very slightly contaminated, not resistant to hostile enchantments, unstealthy
A: no striking features
a: Renounce Religion


You were in the Dungeon.
You worshipped Vehumet.
Vehumet was exalted by your worship.
You were not hungry.

You visited 1 branch

Inventory:

Hand Weapons
 a - a +3 trident of piercing (weapon)
 d - a +2 quarterstaff
 f - a +1 scimitar of flaming
 v - a +1 quarterstaff of protection
Missiles
 n - 10 stones (quivered)
Armour
 j - a +0 robe (worn)
 z - a +0 cloak (worn)
Magical Staves
 b - an uncursed staff of energy
Jewellery
 x - a +3 ring of evasion (left hand)
 y - a +3 ring of protection (right hand)
Scrolls
 p - 3 scrolls of remove curse
 q - 5 scrolls of amnesia
 r - a scroll of summoning
 s - 2 scrolls of vulnerability
Potions
 e - 7 potions of curing
 g - 4 potions of magic
 h - 4 potions of berserk rage
 m - 2 potions of invisibility
 t - a potion of haste
 u - 11 potions of heal wounds
 w - a potion of agility
Books
 o - a book of Flames

   Spells                             Type                      Level
   a - Flame Tongue                   Conjuration/Fire             1
   b - Throw Flame                    Conjuration/Fire             2
   c - Conjure Flame                  Conjuration/Fire             3
   d - Inner Flame                    Hexes/Fire                   3
   e - Sticky Flame                   Conjuration/Fire             4
   f - Fireball                       Conjuration/Fire             5
Comestibles
 c - 7 bread rations
 k - 40 fruits
 l - 7 meat rations


   Skills:
 + Level 2.6 Fighting
 + Level 1.3(1.4) Polearms
 - Level 0.8(1.4) Staves
 - Level 2.4 Dodging
 - Level 2.4 Stealth
 - Level 14.0 Spellcasting
 + Level 11.8 Conjurations
 - Level 4.5 Hexes
 - Level 12.1 Fire Magic
 * Level 7.0 Ice Magic
 + Level 2.2 Air Magic
 + Level 2.4 Poison Magic
 + Level 8.4 Evocations


You had 6 spell levels left.
You knew the following spells:

 Your Spells              Type           Power        Failure   Level  Hunger
a - Flame Tongue          Conj/Fire      #####        1%          1    None
b - Sting                 Conj/Pois      ####         1%          1    None
c - Sticky Flame          Conj/Fire      ######..     1%          4    None
d - Conjure Flame         Conj/Fire      ######..     1%          3    None
e - Inner Flame           Hex/Fire       ######..     1%          3    None
f - Fireball              Conj/Fire      ######....   1%          5    ###....
g - Static Discharge      Conj/Air       ######..     1%          3    None
h - Force Lance           Conj/Tloc      #####...     1%          4    None
i - Freezing Cloud        Conj/Ice/Air   ######....   9%          6    #####..


Dungeon Overview and Level Annotations

Branches:
Dungeon (1/1)

Altars:
Ashenzari
Cheibriados
Dithmenos
Elyvilon
Fedhas
Gozag
Kikubaaqudgha
Makhleb
Nemelex Xobeh
Okawaru
Pakellas
Qazlal
Ru
Sif Muna
Trog
Vehumet
Xom
Yredelemnul
Zin
The Shining One
Beogh
Jiyva
Lugonu


Message History

Press: ? - help, Dir - move target cursor, f - cyclops
Aim: a cyclops Out of range.
Okay, then.
The cyclops throws a large rock.
The large rock hits you!
There is an open gate here.
Things that are here:
a large rock; a scimitar of flaming You take 15 damage, and have 19/49 hp.
MASSIVE DAMAGE!!
Unknown command.
Casting: Freezing Cloud
Confirm with . or Enter, or press ? or * to list all spells.
Aiming: Freezing Cloud
Press: ? - help, Dir - move target cursor, f - cyclops
Aim: a cyclops The sheep is engulfed in freezing vapours.
The cyclops is engulfed in freezing vapours.
The cyclops throws a large rock.
The large rock hits you!!
Ouch! That really hurt!
You die...

#))#####'#####''######
#.)##.......##''#
#.)##.......##..#
#[[##.......##..#
#'###...<...##..####
...##.......##..#..### ##
...##.......##..#....## §§#
#####.......##..'....§#§§§#§.
#..###########..@..§§§CY§§§Y.
#.############..?..§§§#§§§#§C
#.#....#..[[##..#....## §§#
#'#....#..[.##..#..### ##
#.'....'..))##..####
#'#....#..))##..#
'.#....#..))##..#
#################


You could see a cyclops and a sheep.

Vanquished Creatures
  A deep troll (D)
  2 efreet (D)
  A freezing wraith (D)
  A jumping spider (D)
  A flying skull (D)
  3 vampire mosquitoes (D)
  A mottled dragon (D)
  An orc warrior (D)
  A black bear (D)
  A wasp (D)
  2 sky beasts (D)
  A necrophage (D)
  A giant frog (D)
  A crimson imp (D)
  A quasit (D)
  An orc priest (D)
  2 hounds (D)
  An orc wizard (D)
  A hell rat (D)
  2 worker ants (D)
  3 sheep (D)
  A giant eyeball (D)
  An ufetubus (D)
  2 oozes (D)
  An adder skeleton (D)
  2 giant geckos (D)
  3 orcs (D)
  6 jackals (D)
  A bat (D)
  A giant gecko zombie (D)
47 creatures vanquished.

Notes
Turn   | Place    | Note
--------------------------------------------------------------
     0 | D        | pipel the Deep Elf Fire Elementalist began the quest for the Orb.
     0 | D        | Reached XP level 1. HP: 10/10 MP: 6/6
    28 | D        | Found a sacrificial altar of Ru.
    28 | D        | Found a basalt altar of Yredelemnul.
    28 | D        | Found a glowing golden altar of the Shining One.
    28 | D        | Found a deep blue altar of Sif Muna.
    28 | D        | Found a burning altar of Makhleb.
    28 | D        | Found an ancient bone altar of Kikubaaqudgha.
    28 | D        | Found a glowing silver altar of Zin.
    29 | D        | Found a shadowy altar of Dithmenos.
    29 | D        | Found a bloodstained altar of Trog.
    29 | D        | Found a shattered altar of Ashenzari.
    29 | D        | Found a white marble altar of Elyvilon.
    29 | D        | Found a snail-covered altar of Cheibriados.
    29 | D        | Found a blossoming altar of Fedhas.
    29 | D        | Found a radiant altar of Vehumet.
    29 | D        | Found a shimmering altar of Xom.
    29 | D        | Found a sparkling altar of Nemelex Xobeh.
    29 | D        | Found a corrupted altar of Lugonu.
    29 | D        | Found a viscous altar of Jiyva.
    29 | D        | Found a roughly hewn altar of Beogh.
    29 | D        | Found an iron altar of Okawaru.
    30 | D        | Found an oddly glowing altar of Pakellas.
    33 | D        | Found a stormy altar of Qazlal.
    34 | D        | Found an opulent altar of Gozag.
    37 | D        | Became a worshipper of Vehumet
    75 | D        | Noticed a worker ant
    77 | D        | Reached * piety under Vehumet
    77 | D        | Offered knowledge of Sting by Vehumet.
    77 | D        | Reached skill level 4 in Spellcasting
    77 | D        | Reached skill level 5 in Fire Magic
    77 | D        | Reached XP level 2. HP: 15/15 MP: 7/9
    90 | D        | Learned a level 1 spell: Sting
   113 | D        | Reached ** piety under Vehumet
   114 | D        | Offered knowledge of Shock by Vehumet.
   114 | D        | Reached XP level 3. HP: 7/20 MP: 2/11
   145 | D        | Reached skill level 5 in Spellcasting
   182 | D        | Reached *** piety under Vehumet
   182 | D        | Reached skill level 1 in Fighting
   182 | D        | Reached skill level 6 in Spellcasting
   182 | D        | Reached XP level 4. HP: 12/25 MP: 8/14
   193 | D        | Learned a level 4 spell: Sticky Flame
   197 | D        | Learned a level 3 spell: Conjure Flame
   201 | D        | Learned a level 3 spell: Inner Flame
   280 | D        | Noticed a flying skull
   280 | D        | Noticed a black bear
   283 | D        | Noticed a sky beast
   285 | D        | Noticed an orc warrior
   285 | D        | Offered knowledge of Static Discharge by Vehumet.
   285 | D        | Reached skill level 1 in Hexes
   285 | D        | Reached skill level 1 in Poison Magic
   285 | D        | Reached skill level 1 in Evocations
   285 | D        | Killed a flying skull
   285 | D        | Reached skill level 9 in Spellcasting
   285 | D        | Reached skill level 5 in Conjurations
   285 | D        | Reached XP level 5. HP: 23/29 MP: 5/18
   285 | D        | Reached XP level 6. HP: 26/34 MP: 5/20
   285 | D        | Reached **** piety under Vehumet
   285 | D        | Reached skill level 10 in Spellcasting
   285 | D        | Reached skill level 10 in Fire Magic
   302 | D        | Killed an orc warrior
   314 | D        | Reached ***** piety under Vehumet
   314 | D        | Reached skill level 11 in Spellcasting
   314 | D        | Reached XP level 7. HP: 33/40 MP: 8/23
   333 | D        | Learned a level 5 spell: Fireball
   379 | D        | Noticed an efreet
   386 | D        | Learned a level 3 spell: Static Discharge
   396 | D        | Killed an efreet
   396 | D        | Offered knowledge of Force Lance by Vehumet.
   396 | D        | Reached skill level 12 in Spellcasting
   438 | D        | Learned a level 4 spell: Force Lance
   632 | D        | Noticed a freezing wraith
   640 | D        | Offered knowledge of Airstrike by Vehumet.
   640 | D        | Reached XP level 8. HP: 44/44 MP: 13/26
   640 | D        | Killed a freezing wraith
   640 | D        | Reached skill level 13 in Spellcasting
   640 | D        | Reached skill level 5 in Evocations
   757 | D        | Noticed a jumping spider
   807 | D        | Offered knowledge of Freezing Cloud by Vehumet.
   810 | D        | Killed a jumping spider
   810 | D        | Reached skill level 14 in Spellcasting
   818 | D        | Learned a level 6 spell: Freezing Cloud
  1029 | D        | Noticed a deep troll
  1031 | D        | Reached skill level 10 in Conjurations
  1031 | D        | Reached ****** piety under Vehumet
  1031 | D        | Offered knowledge of Delayed Fireball by Vehumet.
  1034 | D        | Noticed a cyclops
  1034 | D        | Reached XP level 9. HP: 32/49 MP: 3/29
  1036 | D        | Noticed an efreet
  1037 | D        | Killed a deep troll
  1037 | D        | Reached skill level 1 in Polearms
  1037 | D        | Reached skill level 1 in Air Magic
  1045 | D        | Killed an efreet
  1051 | D        | Hit by a large rock thrown by a cyclops

Vault maps used:
D:        pitsprint

Skill      XL: |  1  2  3  4  5  6  7  8  9 |
---------------+----------------------------+-----
Fire Magic     | 5 6 7 9 10 11 12 | 12.1
Spellcasting   | 4 6 9 11 12 14 | 14.0
Conjurations   | 2 3 5 6 8 10 11 | 11.8
Fighting       | 1 2 |  2.6
Hexes          | 2 3 4 |  4.5
Poison Magic   | 1 2 |  2.4
Evocations     | 2 4 6 8 |  8.4
Ice Magic      | 3 7 |  7.0
Polearms       | 1 |  1.3
Air Magic      | 2 |  2.2
Staves         | |  0.8
Dodging        | |  2.4
Stealth        | |  2.4

Action                   |  1- 3 |  4- 6 |  7- 9 || total
-------------------------+-------+-------+-------++-------
Melee: Quarterstaff      |     1 |       |       ||     1
       Trident           |       |       |    14 ||    14
 Cast: Flame Tongue      |    20 |    17 |    22 ||    59
       Sting             |     4 |       |       ||     4
       Inner Flame       |       |     6 |     8 ||    14
       Conjure Flame     |       |     2 |     6 ||     8
       Sticky Flame      |       |       |     7 ||     7
       Static Discharge  |       |       |     1 ||     1
       Fireball          |       |       |     3 ||     3
       Freezing Cloud    |       |       |     3 ||     3
       Force Lance       |       |       |     1 ||     1
Evoke: Staff of energy   |     3 |     6 |    20 ||    29
  Use: Potion            |     2 |       |     2 ||     4
       Scroll            |       |       |     1 ||     1
  Eat: Chunk             |       |       |     1 ||     1
       Bread ration      |       |       |     1 ||     1
